 Dungeon Crawl Stone Soup version 0.17-a0-1923-gc35365e (webtiles) character file.

77 musteatbrain the Sneak (level 4, -8/21 HPs)
             Began as a Spriggan Enchanter on Sept 28, 2015.
             Mangled by a gnoll
             ... wielding a +0 spear
              (12 damage)
             ... on level 3 of the Dungeon.
             The game lasted 00:08:32 (2841 turns).

musteatbrain the Sneak (Spriggan Enchanter)         Turns: 2841, Time: 00:08:32

Health: -8/21      AC:  4    Str:  5    XL:     4   Next: 13%
Magic:  9/9        EV: 13    Int: 16    God:
Gold:   63         SH:  0    Dex: 16    Spells: 3 memorised, 2 levels left

rFire  . . .     SeeInvis +     a - +1 dagger
rCold  . . .     Clarity  .     b - +2 robe
rNeg   . . .     SustAt   .     (shield restricted)
rPois  .         Gourm    .     (helmet restricted)
rElec  .         Spirit   .     (no cloak)
rCorr  .         Warding  .     (gloves unavailable)
rMut   .         Stasis   .     (boots unavailable)
MR     .....                    (no amulet)
Stlth  +++.......               (no ring)
                                (no ring)

@: very quick, not resistant to hostile enchantments, fairly stealthy
A: unfitting armour, see invisible, herbivore 3, speed 3, slow metabolism 2,
evolution 1
a: no special abilities


You were on level 3 of the Dungeon.
You were not hungry.

You visited 1 branch of the dungeon, and saw 3 of its levels.

You collected 63 gold pieces.

Inventory:

Hand weapons
 a - a +1 dagger (weapon)
 m - a +0 club
Armour
 b - a +2 robe (worn)
Scrolls
 e - a scroll of fear {unknown}
 h - a scroll of magic mapping
Potions
 i - a potion of flight {unknown}
 j - 2 potions of heal wounds {unknown}
Books
 c - a book of Maledictions

   Spells                             Type                      Level
   a - Corona                         Hexes                        1
   b - Ensorcelled Hibernation        Hexes/Ice                    2
   c - Confuse                        Hexes                        3
   d - Tukima's Dance                 Hexes                        3
   e - Dazzling Spray                 Conjuration/Hexes            3
Comestibles
 d - 2 bread rations
 f - 2 slices of pizza


   Skills:
 + Level 3.8 Short Blades
 - Level 3.0 Dodging
 + Level 5.3 Stealth
 - Level 2.6 Spellcasting
 - Level 3.6 Hexes


You had 2 spell levels left.
You knew the following spells:

 Your Spells              Type           Power        Failure   Level  Hunger
a - Corona                Hex            ##.....      6%          1    #......
b - Ensorcelled Hibernat  Hex/Ice        #.....       17%         2    ##.....
c - Confuse               Hex            ##......     14%         3    ###....


Dungeon Overview and Level Annotations

Branches:
Dungeon (3/15)

Altars:


Innate Abilities, Weirdness & Mutations

You are tiny and cannot use many weapons and most armour.
You have supernaturally acute eyesight.
You are a herbivore.
You cover ground extremely quickly.
You need consume almost no food.
You evolve.


Message History

You feel nature experimenting on you.
Don't worry, failures die fast.
You feel fantastic! The gnoll misses you. The gnoll completely misses you.
Found a bread ration.
There is a stone staircase leading up here.
You climb upwards.
There is a stone staircase leading down here.
You see here a robe.
You start resting.
HP restored.
You see here a robe.
There is a stone staircase leading down here.
You can't go up here!
You climb downwards.
The gnoll misses you.
The gnoll hits you with a flail of crushing!
Ouch! That really hurt!
* * * LOW HITPOINT WARNING * * *
There is a stone staircase leading up here.
The gnoll hits you with a spear!
Ouch! That really hurt!
You die...

#.........#######.######..#
####.#######.##.. .......##..#
..>#.# #.##.####.#.......# ...#.#
#.##..#.......##..### ...#.#
#.##..#.#...........## ...#..
#.##......#........... ...#.#
#..................... ####.#
##...gg.#.......#....† .....# #
##..@..#.#.#...#.###. .....#
#.###...#.#..^....####.. .g...#
###.......#.###.#......... .....+
%................>..####.# .....#
#######.###.###.#.....†#.#
...$.####### #.# #.# #.#.#.##...#
......?....###.# #.# #.#.#.######
..........g)...###.###.#.#.......
##.........##..##......#.########


You could see 2 gnolls.

Vanquished Creatures
  2 gnolls (D:3)
  An adder (D:2)
  An orc (D:3)
  2 ball pythons
  6 bats
  8 hobgoblins
  8 kobolds
  A quokka (D:2)
  3 giant newts
  6 goblins
  13 rats
51 creatures vanquished.

Notes
Turn   | Place    | Note
--------------------------------------------------------------
     0 | D:1      | musteatbrain the Spriggan Enchanter began the quest for the Orb.
     0 | D:1      | Reached XP level 1. HP: 9/9 MP: 5/5
   395 | D:1      | Reached XP level 2. HP: 13/13 MP: 6/6
  1073 | D:2      | Reached XP level 3. HP: 12/16 MP: 8/8
  1410 | D:2      | Learned a level 2 spell: Ensorcelled Hibernation
  1414 | D:2      | Learned a level 3 spell: Confuse
  1917 | D:2      | Reached skill level 5 in Stealth
  2120 | D:3      | Reached XP level 4. HP: 11/21 MP: 3/9
  2551 | D:3      | Gained mutation: You evolve. [potion of beneficial mutation]
  2841 | D:3      | Mangled by a gnoll

Vault maps used:
D:1:      minmay_arrival_four_loops
D:3:      gammafunk_temple_overflow_claw

Action                   |  1- 3 |  4- 6 || total
-------------------------+-------+-------++-------
Melee: Dagger            |   175 |    31 ||   206
 Cast: Confuse           |     1 |       ||     1
       Ensorcelled Hiber |     1 |       ||     1
       Corona            |       |     1 ||     1
  Use: Scroll            |     5 |       ||     5
       Potion            |       |     3 ||     3
 Stab: Sleeping          |    11 |     1 ||    12
